 Dungeon Crawl Stone Soup version 0.28-a0-475-g7dc2aef8ca (console) character file.

Game seed: 241393470457312740

84 Morrissey the Covered (level 4, -9/40 HPs)
             Began as a Minotaur Fighter on Sept 16, 2021.
             Mangled by a gnoll (10 damage)
             ... on level 2 of the Dungeon.
             The game lasted 00:00:58 (1050 turns).

Morrissey the Covered (Minotaur Fighter)            Turns: 1050, Time: 00:00:58

Health: -9/40      AC:  7    Str: 22    XL:     4   Next: 23%
Magic:  3/3        EV:  9    Int:  5    God:
Gold:   41         SH:  4    Dex:  9    Spells: 3/3 levels left

rFire   . . .      SeeInvis .   a - +0 long sword
rCold   . . .      Faith    .   c - +0 buckler
rNeg    . . .      Spirit   .   b - +0 scale mail
rPois   .          Reflect  .   (helmet restricted)
rElec   .          Harm     .   (no cloak)
rCorr   .          Rampage  .   (no gloves)
Will    .....                   (no boots)
Stlth   ..........              (no amulet)
HPRegen 0.13/turn               (no ring)
MPRegen 0.08/turn               (no ring)

@: no status effects
A: horns 2, retaliatory headbutt
a: no special abilities


You were on level 2 of the Dungeon.
You visited 1 branch of the dungeon, and saw 2 of its levels.

You collected 41 gold pieces.

Inventory:

Hand Weapons
 a - a +0 long sword (weapon)
Armour
 b - a +0 scale mail (worn)
 c - a +0 buckler (worn)
Scrolls
 e - a scroll of teleportation {unknown}
 f - a scroll of fear {unknown}
Potions
 d - a potion of might
 g - a potion of heal wounds {unknown}
 h - a potion of mutation {unknown}


   Skills:
 + Level 4.1 Fighting
 * Level 3.7 Long Blades
 * Level 4.6 Armour
 + Level 4.1 Shields


You had 3 spell levels left.
You didn't know any spells.
Your spell library was empty.

Dungeon Overview and Level Annotations

Branches:
Dungeon (2/15)

Altars:


Innate Abilities, Weirdness & Mutations

You have a pair of horns on your head.
You reflexively headbutt those who attack you in melee.


Message History

You are too injured to fight recklessly!
You are too injured to fight recklessly!
You are too injured to fight recklessly!
You are too injured to fight recklessly!
You are too injured to fight recklessly!
You are too injured to fight recklessly!
You are too injured to fight recklessly!
You slash the gnoll!
You kill the gnoll!
You have reached level 4!
You feel stronger.
You slash the ball python!
You kill the ball python!
A gnoll comes into view. It is wielding a +0 halberd.
The gnoll shouts!
You hear a shout!
Things that are here:
a +0 spear; 24 stones; a ball python corpse A gnoll comes into view.
It is wielding a +0 flail.
The gnoll shouts!
Things that are here:
a +0 spear; 24 stones; a ball python corpse
Press: ? - help, v - describe, . - travel
Here: a gnoll, wielding a +0 halberd The floor.
Unknown command.
The gnoll closely misses you. You furiously retaliate!
You headbutt the gnoll, but do no damage.
You barely miss the gnoll. You closely miss the gnoll.
The gnoll hits you with a +0 halberd. The gnoll hits you with a +0 flail!
* * * LOW HITPOINT WARNING * * *
You slash the gnoll! You headbutt the gnoll.
You kill the gnoll!
The gnoll hits you with a +0 halberd!
* * * LOW HITPOINT WARNING * * *
The gnoll hits you with a +0 halberd.
* * * LOW HITPOINT WARNING * * *
Your scale mail prevents you from hitting the gnoll.
The gnoll hits you with a +0 halberd!
You die...

........# #......# ..
........# #......# ...
#......# #......#
...###......# #......#
...........†# #......#
............######......#
........................#
...........)######......#
...........g@))........>#
.##.........########.##.#
#....###### #..#.# .
##### ##.#.# . #.#.####.
#.#...... #........
##....... #.......


You could see a gnoll.

Vanquished Creatures
  3 gnolls (D:2)
  An adder (D:2)
  2 dart slugs (D:1)
  5 ball pythons
  4 endoplasms (D:1)
  A giant cockroach (D:1)
  2 goblins
  7 hobgoblins
  A quokka (D:1)
  2 bats
  3 frilled lizards (D:1)
  3 kobolds
  8 rats (D:1)
42 creatures vanquished.

Notes
Turn   | Place    | Note
-------+----------+-------------------------------------------
     0 | D:1      | Morrissey the Minotaur Fighter began the quest for the Orb.
     0 | D:1      | Reached XP level 1. HP: 19/19 MP: 0/0
   201 | D:1      | Reached XP level 2. HP: 26/27 MP: 1/1
   303 | D:1      | Found a faded altar of an unknown god.
   492 | D:1      | Reached XP level 3. HP: 33/33 MP: 2/2
  1041 | D:2      | Reached XP level 4. HP: 23/40 MP: 3/3
  1049 | D:2      | HP: 1/40 [gnoll (2)]
  1050 | D:2      | Mangled by a gnoll

Illustrated notes

Levels and vault maps discovered:
D:1:      dpeg_arrival_renting, layout_loops_ring,
          ebering_ecumenical_altar_mist, solitary_fountain,
          chequers_serial_rivers_marsh, minmay_misc_feat_rows, grunt_decor_cap
D:2:      layout_basic, basic_altar

Skill      XL: |  1  2  3 |
---------------+----------+-----
Armour         | 4 |  4.6
Long Blades    | 3 |  3.7
Shields        | 4 |  4.1
Fighting       | 4 |  4.1

Action                   |  1- 3 |  4- 6 || total
-------------------------+-------+-------++-------
Melee: Long sword        |    68 |     5 ||    73
       Headbutt          |    11 |     1 ||    12
Armor: Scale mail        |    35 |       ||    35
Dodge: Dodged            |    34 |     1 ||    35
Block: Buckler           |    11 |       ||    11

Table legend: (Time is in decaauts)
 A = Elapsed time spent in this place.
 B = Non-inter-level travel time spent in this place.
 C = Inter-level travel time spent in this place.
 D = Time resting spent in this place.
 E = Time spent auto-exploring this place.
 F = Levels seen in this place.
 G = Mean time per level.
                   A        B        C        D        E       F      G
               +--------+--------+--------+--------+--------+-----+--------+
         Total |   1072 |   1059 |     13 |      0 |    869 |   2 |  536.0 |
       Dungeon |   1072 |   1059 |     13 |      0 |    869 |   2 |  536.0 |
               +--------+--------+--------+--------+--------+-----+--------+

Top non-repeatable levels by time:
     D:1: 879 daAuts
     D:2: 192 daAuts
